 Dungeon Crawl Stone Soup version 0.18-a0-1426-g3b9a63c (webtiles) character file.

6762 chei the Carver (level 11, 0/100 HPs)
             Began as a Naga Fighter on Feb 27, 2016.
             Was an Initiate of Okawaru.
             Killed by vampiric draining
             ... invoked by Foomius's ghost
              (2 damage)
             ... on level 9 of the Dungeon.
             The game lasted 00:20:04 (12453 turns).

chei the Carver (Naga Fighter)                     Turns: 12453, Time: 00:20:04

Health: 0/100      AC: 25    Str: 20    XL:     11   Next: 4%
Magic:  11/11      EV:  3    Int: 11    God:    Okawaru [......]
Gold:   477        SH: 10    Dex: 10    Spells: 0 memorised, 10 levels left

rFire  . . .     SeeInvis +     a - +0 long sword
rCold  . . .     Gourm    +     D - +0 plate armour
rNeg   . . .     Faith    .     c - +0 shield
rPois  +         Spirit   .     y - +0 helmet
rElec  .         Dismiss  .     E - -1 cloak (curse)
rCorr  .         Reflect  .     v - +0 pair of gloves
SustAt .         Harm     .     q - +2 naga barding
MR     ++...                    u - amulet of the gourmand
Stlth  ..........               H - +4 ring of protection
                                A - ring of protection from magic

@: very slightly contaminated, hasted, quick, very resistant to hostile
enchantments, extremely unstealthy
A: see invisible, deformed body, poison resistance, slowness 2, slow metabolism
1, spit poison 2, AC +3
a: Spit Poison, Renounce Religion


You were on level 9 of the Dungeon.
You worshipped Okawaru.
Okawaru was noncommittal.
You were not hungry.

You visited 2 branches of the dungeon, and saw 11 of its levels.

You collected 533 gold pieces.
You spent 56 gold pieces at shops.

Inventory:

Hand Weapons
 a - a +0 long sword (weapon)
Missiles
 s - 8 needles of sleeping
Armour
 b - a +0 scale mail
 c - a +0 shield (worn)
 q - a +2 naga barding (worn)
 v - a +0 pair of gloves (worn)
 y - a +0 helmet (worn)
 D - a +0 plate armour (worn)
 E - a cursed -1 cloak (worn)
 O - a +1 robe of magic resistance
Jewellery
 j - an uncursed ring of ice
 p - a +2 ring of dexterity
 u - an amulet of the gourmand (around neck)
 A - a ring of protection from magic (left hand)
 G - an uncursed ring of fire
 H - a +4 ring of protection (right hand)
Wands
 t - a wand of iceblast (3/15)
 B - a wand of slowing (14/48)
 J - a wand of digging (8/24)
 K - a wand of random effects (38/48)
 L - a wand of paralysis (6/24)
 M - a wand of polymorph (11/24)
 N - a wand of random effects (30/48)
Scrolls
 d - a scroll of magic mapping
 h - 2 scrolls of teleportation
 i - 4 scrolls of amnesia
 k - 2 scrolls of enchant weapon {unknown}
 l - 2 scrolls of remove curse
 r - a scroll of fog
 w - a scroll of recharging {unknown}
 I - a scroll of identify
 Q - a scroll of fear
Potions
 x - a potion of haste
 z - 3 potions of flight
 F - a potion of resistance
Miscellaneous
 o - a plain deck of changes
Comestibles
 f - 6 bread rations
 g - 5 beef jerkies
 m - 2 meat rations
 n - 5 fruits
 P - 7 slices of pizza


   Skills:
 + Level 7.0 Fighting
 * Level 9.9 Long Blades
 + Level 6.1 Armour
 + Level 5.2 Dodging
 + Level 0.9 Stealth
 + Level 6.6 Shields
 + Level 0.4 Evocations


You had 10 spell levels left.
You didn't know any spells.

Dungeon Overview and Level Annotations

Branches:
Dungeon (10/15)            Temple (1/1) D:7            Lair (0/8) D:8
    Orc: D:9-12

Altars:
Ashenzari
Cheibriados
Dithmenos
Elyvilon
Fedhas
Gozag
Kikubaaqudgha
Makhleb
Nemelex Xobeh
Okawaru
Pakellas
Qazlal
Ru
Sif Muna
Trog
Vehumet
Xom
Yredelemnul
Zin
The Shining One

Shops:
D:4 !   D:8 }   D:10 *

Annotations:
D:9 Foomius's ghost, novice DsNe


Innate Abilities, Weirdness & Mutations

You cannot wear boots.
Your serpentine skin is tough (AC +3).
You have supernaturally acute eyesight.
Armour fits poorly on your strangely shaped body.
Your system is resistant to poisons.
You cover ground very slowly.
You have a slow metabolism.
You can spit poison.


Message History

Foomius's ghost hits you.
* * * LOW HITPOINT WARNING * * *
You miss Foomius's ghost.
Foomius's ghost is heavily damaged.
Unknown command.
Your plate armour prevents you from hitting Foomius's ghost.
Foomius's ghost is heavily damaged.
Foomius's ghost barely misses you.
You slash Foomius's ghost!
Foomius's ghost is severely damaged.
You block Foomius's ghost's attack.
Unknown command.
Unknown command.
You slash Foomius's ghost!
Foomius's ghost is severely damaged.
Unknown command.
You slash Foomius's ghost!
Foomius's ghost is almost destroyed.
Foomius's ghost is infused with unholy energy.
You die...

...............))................
.................................
#####............................
#............................
#..........................).
...............................
............>..................)
.............รท..................
#########.....W@................
#.......................
##########.......................
.................................
..<..............................
#................................
#..##############................
#..# #................ #..#
#................


You could see Foomius's ghost.

Vanquished Creatures
  The ghost of Foomius the Reanimator, a novice DsNe of Okawaru (D:6)
  Psyche (D:8)
  A troll (D:8)
  A two-headed ogre (D:10)
  Prince Ribbit (D:9)
  A hippogriff (D:7)
  A hog (D:7)
  A human (D:7)
  A water moccasin (D:8)
  A sky beast (D:8)
  3 ice beasts
  An eye of draining (D:9)
  2 phantoms
  3 ogres
  A necrophage (D:9)
  3 orc warriors
  A black bear (D:7)
  6 centaurs
  4 big kobolds
  5 giant frogs
  A wyvern zombie (D:6)
  6 scorpions
  11 wights
  9 howler monkeys
  3 crimson imps
  5 jellies
  A giant frog zombie (D:5)
  3 hounds
  6 orc priests
  Crazy Yiuf (D:6)
  2 giant frog skeletons
  7 orc wizards
  8 worker ants
  3 sheep (D:7)
  A howler monkey skeleton (D:5)
  11 adders
  A river rat (D:8)
  A shadow imp (D:5)
  An ooze (D:4)
  2 adder skeletons
  4 worms
  5 dart slugs
  2 giant geckos (D:4)
  25 orcs
  2 ball pythons
  9 bats
  5 giant cockroaches
  3 goblins
  2 hobgoblins (D:2)
  13 jackals
  26 kobolds
  7 quokkas
  10 giant newts
  2 quokka skeletons
  7 rats
244 creatures vanquished.

Vanquished Creatures (collateral kills)
  An orc priest (D:9)
1 creature vanquished.

Vanquished Creatures (others)
  A human (D:4)
  5 fungi (D:8)
6 creatures vanquished.

Grand Total: 251 creatures vanquished

Notes
Turn   | Place    | Note
--------------------------------------------------------------
     0 | D:1      | chei the Naga Fighter began the quest for the Orb.
     0 | D:1      | Reached XP level 1. HP: 21/21 MP: 1/1
   383 | D:1      | Reached XP level 2. HP: 13/28 MP: 2/2
   862 | D:2      | Found a radiant altar of Vehumet.
   917 | D:2      | Reached XP level 3. HP: 31/34 MP: 3/3
  1794 | D:2      | Found a basalt altar of Yredelemnul.
  1883 | D:2      | Reached XP level 4. HP: 16/43 MP: 4/4
  2534 | D:3      | Found a shimmering altar of Xom.
  2553 | D:3      | Reached skill level 1 in Dodging
  2577 | D:3      | Reached skill level 3 in Long Blades
  2577 | D:3      | Reached XP level 5. HP: 40/50 MP: 5/5
  3296 | D:4      | Found Ratoc's Distillery.
  3340 | D:4      | Bought a potion of agility for 56 gold pieces
  3399 | D:4      | Found an ancient bone altar of Kikubaaqudgha.
  3555 | D:4      | Noticed a human
  3555 | D:4      | Killed a human
  3582 | D:4      | Found a sacrificial altar of Ru.
  3621 | D:4      | Reached XP level 6. HP: 57/57 MP: 6/6
  3817 | D:4      | Found a blossoming altar of Fedhas.
  4079 | D:4      | Reached skill level 4 in Long Blades
  4294 | D:4      | Found a stormy altar of Qazlal.
  4302 | D:4      | Found an oddly glowing altar of Pakellas.
  4306 | D:4      | Found a deep blue altar of Sif Muna.
  4309 | D:4      | Found an opulent altar of Gozag.
  4418 | D:5      | Entered Level 5 of the Dungeon
  4462 | D:5      | Reached XP level 7. HP: 47/64 MP: 7/7
  4927 | D:5      | Reached skill level 5 in Long Blades
  5073 | D:5      | Found a sparkling altar of Nemelex Xobeh.
  5122 | D:5      | Reached XP level 8. HP: 67/73 MP: 8/8
  5994 | D:6      | Reached skill level 5 in Fighting
  6111 | D:6      | Found a shattered altar of Ashenzari.
  6230 | D:6      | Reached skill level 6 in Long Blades
  6290 | D:6      | Noticed Foomius's ghost (novice DsNe)
  6366 | D:6      | Killed Foomius's ghost
  6366 | D:6      | Reached XP level 9. HP: 26/81 MP: 9/9
  6670 | D:6      | Reached skill level 7 in Long Blades
  6882 | D:6      | Noticed Crazy Yiuf
  6895 | D:6      | Killed Crazy Yiuf
  6963 | D:6      | Reached skill level 5 in Armour
  8392 | D:7      | Reached skill level 5 in Shields
  8446 | D:7      | Reached skill level 8 in Long Blades
  8606 | D:7      | Found a staircase to the Ecumenical Temple.
  8646 | D:7      | You fall through a shaft for 3 floors!
  8646 | D:10     | Entered Level 10 of the Dungeon
  8693 | D:10     | Reached skill level 5 in Dodging
  8693 | D:10     | Reached XP level 10. HP: 83/91 MP: 10/10
  8720 | D:10     | Found Areth's General Store.
  9472 | D:9      | Noticed Prince Ribbit
 10212 | D:9      | Killed Prince Ribbit
 10212 | D:9      | Reached skill level 9 in Long Blades
 10482 | D:8      | Found Ziolaogo's Quality Used Wands.
 10489 | D:8      | Found a glowing golden altar of the Shining One.
 10752 | D:8      | Found a white marble altar of Elyvilon.
 10925 | D:8      | Found a staircase to the Lair.
 10941 | D:8      | Found a glowing silver altar of Zin.
 11340 | D:8      | Noticed Psyche
 11349 | D:8      | Killed Psyche
 11450 | Temple   | Entered the Ecumenical Temple
 11491 | Temple   | Became a worshipper of Warmaster Okawaru
 11594 | D:7      | Reached XP level 11. HP: 92/99 MP: 11/11
 12307 | D:9      | Noticed Foomius's ghost (novice DsNe)
 12445 | D:9      | HP: 4/100 [Foomius's ghost (3)]
 12453 | D:9      | Killed from afar by Foomius's ghost

Vault maps used:
D:1:      roderic_chinese_lattice_arrival
D:2:      yredelemnul_altar_generic, lemuel_round_altar, corexii_shack,
          grunt_decor_one_mirror, kennysheep_generic_room_7
D:3:      lemuel_doored_altar, first_bread
D:4:      fedhas_altar_3, grunt_temple_overflow_cloverleaf,
          nicolae_overflow_crystal_walls, serial_shops, shop_fountains,
          tgw_kikubaaqudgha
D:5:      nemelex_deck
D:6:      overflow_temple_1_default, uniq_crazy_yiuf_cottage
D:7:      minmay_temple_entry_hall, minivault_25, grunt_livestock
D:8:      kennysheep_little_box, zin_scriptorium, due_lair_maze_entry_diamond,
          basic_altar, minmay_misc_feat_room, nicolae_for_you_no_charge,
          uniq_psyche
D:9:      uniq_prince_ribbit1
D:10:     serial_shops, shop
Temple:   temple_island_7

Skill      XL: |  1  2  3  4  5  6  7  8  9 10 11 |
---------------+----------------------------------+-----
Armour         | 3 4 5 6 |  6.1
Dodging        | 1 2 4 5 |  5.2
Long Blades    | 3 4 5 6 8 9 |  9.9
Shields        | 3 4 5 6 |  6.6
Fighting       | 4 5 6 7 |  7.0
Stealth        | |  0.9
Evocations     | |  0.4

Action                   |  1- 3 |  4- 6 |  7- 9 | 10-12 || total
-------------------------+-------+-------+-------+-------++-------
Melee: Long sword        |   125 |   219 |   521 |   622 ||  1487
Evoke: Wand              |       |       |       |     4 ||     4
  Use: Scroll            |       |    14 |     3 |     6 ||    23
       Potion            |       |       |     7 |    14 ||    21
 Stab: Invisible         |       |       |       |     1 ||     1
  Eat: Chunk             |     1 |    12 |     9 |    15 ||    37
